 Dungeon Crawl Stone Soup version 0.31-a0-662-g684573625c (webtiles) character file.

Game seed: 16443218182195226564

1201 2FriedEggs the Mimic (level 8, -3/85 HPs)
             Began as an Ogre Shapeshifter on Sept 2, 2023.
             Slain by Maggie
             ... wielding a +2 glaive of flaming
              (5 damage)
             ... on level 6 of the Dungeon.
             The game lasted 00:10:40 (5872 turns).

2FriedEggs the Mimic (Ogre Shapeshifter)            Turns: 5872, Time: 00:10:41

Health: -3/85      AC:  8    Str: 26    XL:     8   Next: 44%
Magic:  8/8        EV:  9    Int: 11    God:
Gold:   126        SH:  0    Dex:  8    Spells: 7/7 levels left

rFire   . .          .
                       - Unarmed
rCold   . . .        (shield currently unavailable)
rNeg    . . .        a - melded +0 animal skin
rPois   .            (helmet currently unavailable)
rElec   .            (cloak currently unavailable)
rCorr   .            (gloves unavailable)
SInv    .            (boots unavailable)
Will    .....        (no amulet)
Stlth   +            (no ring)
HPRegen 0.34/turn    (no ring)
MPRegen 0.11/turn

%: no passive effects
@: confused, about to teleport, snake-form, ambrosia-drunk, marked
A: constrict, large, unfitting armour, (tough skin 1)
a: Begin Untransformation


You were on level 6 of the Dungeon.
You were an enormous anaconda.
You visited 1 branch of the dungeon, and saw 6 of its levels.

You collected 140 gold pieces.
You spent 14 gold pieces at shops.

Inventory:

Hand Weapons
 n - the +8 war axe "Selaod" {heavy, rElec Str-4 Int+4 Dex+7}
   (You found it on level 4 of the Dungeon)

   Str-4:     It affects your strength (-4).
   Int+4:     It affects your intelligence (+4).
   Dex+7:     It affects your dexterity (+7).
   rElec:     It insulates you from electricity.
Missiles
 g - a throwing net
Armour
 a - a +0 animal skin (melded)
Talismans
 c - a beast talisman
 d - a flux talisman
 e - a serpent talisman (active)
Wands
 u - a wand of light (11)
Scrolls
 f - 2 scrolls of enchant armour
 i - a scroll of vulnerability
 j - a scroll of amnesia
 k - a scroll of noise
 l - a scroll of torment
 m - a scroll of poison {unknown}
 o - a scroll of summoning {unknown}
 r - 2 scrolls of teleportation
 v - a scroll of silence {unknown}
 w - a scroll of immolation {unknown}
 x - 2 scrolls of blinking {unknown}
 y - a scroll of acquirement {unknown}
 z - 2 scrolls of identify
Potions
 b - a potion of enlightenment {unknown}
 p - 2 potions of mutation {unknown}
 q - a potion of attraction {unknown}
 s - a potion of degeneration
 t - a potion of berserk rage {unknown}


   Skills:
 - Level 6.1 Fighting
 - Level 1.7 Dodging
 - Level 2.6 Unarmed Combat
 * Level 8.5 Shapeshifting


You had 7 spell levels left.
You didn't know any spells.
Your spell library contained the following spells:

 Spells                   Type           Power      Damage    Failure   Level
 Freeze                   Ice            0%         1d3       34%         1
 Poisonous Vapours        Pois/Air       0%         N/A       47%         2
 Frozen Ramparts          Ice            0%         1d1       71%         3
 Hailstorm                Conj/Ice       0%         3d3       71%         3
 Mephitic Cloud           Conj/Pois/Air  0%         N/A       71%         3
 Freezing Cloud           Conj/Ice/Air   0%         6-21      100%        5


Dungeon Overview and Level Annotations

Branches:
Dungeon (6/15)
 Temple: D:4-7

Altars:
Ashenzari
Elyvilon
Fedhas

Shops:
D:3 =   D:4 !

Annotations:
D:6 Maggie


Innate Abilities, Weirdness & Mutations

You are an enormous anaconda.
You have a powerful constriction melee attack.
Your armour is entirely melded.
You are incapable of wielding weapons or throwing items.
You are too large for most types of armour.
((You have tough skin. (AC +1)))


Message History

Aiming: Mindburst
Press: ? - help, Shift-Dir - straight line, f/p - Maggie
Aim: Maggie, wielding a +2 glaive of flaming and wearing +0 steam dragon scales (lightly wounded, blind, chance to affect: 64%) Maggie struggles to resist.
Unknown command.
Aiming: Mindburst
Press: ? - help, Shift-Dir - straight line, f/p - Maggie
Aim: Maggie, wielding a +2 glaive of flaming and wearing +0 steam dragon scales (lightly wounded, blind, chance to affect: 64%) Maggie struggles to resist.
Unknown command.
Aiming: Mindburst
Press: ? - help, Shift-Dir - straight line, f/p - Maggie
Aim: Maggie, wielding a +2 glaive of flaming and wearing +0 steam dragon scales (lightly wounded, blind, chance to affect: 64%) Maggie struggles to resist.
An adder comes into view.
A bullfrog comes into view.
Unknown command.
Aiming: Mindburst
Press: ? - help, Shift-Dir - straight line, f/p - Maggie
Aim: Maggie, wielding a +2 glaive of flaming and wearing +0 steam dragon scales (lightly wounded, blind, chance to affect: 64%) Maggie's mind is blasted!!
The now-empty wand crumbles to dust.
A hound comes into view.
Maggie hits you from afar with a +2 glaive of flaming!!
Maggie burns you!
* * * LOW HITPOINT WARNING * * *
Unknown command.
As you read the scroll of teleportation, it crumbles to dust.
You feel strangely unstable. The bullfrog hits you.
* * * LOW HITPOINT WARNING * * *
Maggie closely misses you.
An orc wizard comes into view. It is wielding a +2 dagger of venom.
Unknown command.
You are confused.
You feel invigorated. The bullfrog hits you.
* * * LOW HITPOINT WARNING * * *
The bullfrog hits you.
* * * LOW HITPOINT WARNING * * *
Maggie hits you from afar with a +2 glaive of flaming!
* * * LOW HITPOINT WARNING * * *
Maggie burns you.
You die...

.......###....###
....... ......##
####...####.......
.....## ###.........[..
#..#.# ##...........
#..#.#### #....>......
...#....# #...........
...####.# ##.........#
..##
#.##########....####
#######..ohSsS@†SF..###
###....###########..#
#.>.##.# ##.# #.####.#
#.# #)# #.# #..# ##.#
#.# ..... .).# #.##
........ #### #..#
..........# ##### ##.#
##.#########


You could see Maggie (blind), a water moccasin, a bullfrog, a scorpion, a hound,
an orc wizard and an adder.

Vanquished Creatures
  A water moccasin (D:5)
  An ice beast (D:5)
  A sky beast (D:6)
  2 black bears
  2 ogres (D:5)
  A phantom (D:5)
  A howler monkey (D:6)
  3 jellies
  An orc priest (D:5)
  A hound (D:5)
  A sleepcap (D:6)
  2 iguanas
  9 adders
  A shadow imp (D:5)
  3 white imps (D:6)
  2 ufetubi
  3 dart slugs
  7 orcs
  20 ball pythons
  3 bats
  7 endoplasms
  10 goblins
  5 hobgoblins
  8 jackals
  6 quokkas
  14 frilled lizards
  4 kobolds
  8 rats
127 creatures vanquished.

Vanquished Creatures (others)
  A shadow imp (D:6)
1 creature vanquished.

Grand Total: 128 creatures vanquished

Notes
Turn   | Place    | Note
-------+----------+-------------------------------------------
     0 | D:1      | 2FriedEggs the Ogre Shapeshifter began the quest for the
                  | Orb.
     0 | D:1      | Reached XP level 1. HP: 19/19 MP: 1/1
   246 | D:1      | Reached XP level 2. HP: 25/28 MP: 2/2
   810 | D:1      | Reached XP level 3. HP: 30/36 MP: 3/3
  1322 | D:2      | Reached skill level 4 in Shapeshifting
  1401 | D:2      | Reached XP level 4. HP: 45/45 MP: 4/4
  1713 | D:2      | Found a faded altar of an unknown god.
  2413 | D:3      | Reached XP level 5. HP: 53/53 MP: 5/5
  2533 | D:3      | Found Cyteso's Jewellery Shoppe.
  2861 | D:3      | Found a blossoming altar of Fedhas.
  3275 | D:4      | Noticed a black bear
  3279 | D:4      | Killed a black bear
  3280 | D:4      | Reached skill level 5 in Shapeshifting
  3280 | D:4      | Reached XP level 6. HP: 63/63 MP: 6/6
  3447 | D:4      | Found Koiloir's Distillery.
  3459 | D:4      | Bought a potion of degeneration for 14 gold pieces
  3994 | D:4      | Found a broken altar of Ashenzari.
  4039 | D:4      | Found a white marble altar of Elyvilon.
  4228 | D:4      | You fall into a shaft and drop 1 floor!
  4228 | D:5      | Entered Level 5 of the Dungeon
  4410 | D:5      | Reached skill level 5 in Fighting
  4808 | D:4      | Identified the +8 war axe "Selaod" {heavy, rElec Str-4
                  | Int+4 Dex+7}
  5112 | D:5      | Reached skill level 6 in Shapeshifting
  5115 | D:5      | Reached XP level 7. HP: 54/72 MP: 7/7
  5228 | D:5      | Reached skill level 7 in Shapeshifting
  5319 | D:5      | Reached XP level 8. HP: 74/83 MP: 8/8
  5527 | D:6      | Noticed Maggie
  5606 | D:6      | Reached skill level 8 in Shapeshifting
  5872 | D:6      | HP: 2/85 [Maggie/+2 glaive of flaming (10)]
  5872 | D:6      | Slain by Maggie

Illustrated notes

Levels and vault maps discovered:
D:1:      wander_arrival_peaceful_grave, layout_loops_corners,
          hangedman_feature_mirror
D:2:      layout_basic, nicolae_ecumenical_snake_handling, minmay_lizard_king
D:3:      layout_loops_ring, mainiacjoe_overflow_boulevard, serial_shops, shop
D:4:      layout_layer_cave, mainiacjoe_overflow_catch_the_wave, serial_shops,
          nicolae_shop_tiny_waterfront
D:5:      layout_cave_pools, serial_park, serial_park_square1
          [serial_park_minivault_5x5_6], serial_park_square3
          [serial_park_minivault_5x5_5], serial_park_tiny_pond,
          serial_park_square1 [serial_park_minivault_5x5_1], serial_park_square3
          [serial_park_minivault_5x5_1]
D:6:      layout_rooms, nicolae_vehumet_radiance,
          minmay_temple_entry_enclosed_plants, chequers_serial_rivers_small_a,
          grunt_potential, uniq_maggie

Skill      XL: |  1  2  3  4  5  6  7  8 |
---------------+-------------------------+-----
Fighting       | 2 3 4 5 6 |  6.1
Shapeshifting  | 4 5 6 7 8 |  8.5
Dodging        | |  1.7
Unarmed Combat | |  2.6

Action                     |  1- 3 |  4- 6 |  7- 9 || total
---------------------------+-------+-------+-------++-------
  Melee: Unarmed           |   123 |   245 |    53 ||   421
         Punch             |     2 |     4 |       ||     6
         Constrict         |       |     4 |     8 ||    12
  Evoke: Wand              |       |    11 |     5 ||    16
    Use: Scroll            |       |     6 |     1 ||     7
         Potion            |       |     3 |     1 ||     4
   Stab: Sleeping          |     1 |     1 |       ||     2
 Armour: Animal skin       |    81 |   176 |       ||   257
         Skin              |       |    14 |    43 ||    57
  Dodge: Dodged            |    48 |   134 |    19 ||   201
   Form: Anaconda          |       |     1 |       ||     1
         Flux              |       |     1 |       ||     1

Table legend: (Time is in decaauts)
 A = Elapsed time spent in this place.
 B = Non-inter-level travel time spent in this place.
 C = Inter-level travel time spent in this place.
 D = Time resting spent in this place.
 E = Time spent auto-exploring this place.
 F = Levels seen in this place.
 G = Mean time per level.
                   A        B        C        D        E       F      G
               +--------+--------+--------+--------+--------+-----+--------+
         Total |   5854 |   5600 |    254 |    754 |   3789 |   6 |  975.7 |
       Dungeon |   5854 |   5600 |    254 |    754 |   3789 |   6 |  975.7 |
               +--------+--------+--------+--------+--------+-----+--------+

Top non-repeatable levels by time:
     D:4: 1268 daAuts
     D:2: 1136 daAuts
     D:3: 1115 daAuts
     D:5: 1019 daAuts
     D:1: 993 daAuts
     D:6: 321 daAuts
